 Dungeon Crawl Stone Soup version 0.31.0-9-g3a7656b989 (webtiles) character file.

Game seed: 10137701480406593209

112 Killerpretzel the Digger (level 4, 0/24 HPs)
             Began as a Gargoyle Earth Elementalist on Jan 26, 2024.
             Killed from afar by Ijyb (15 damage)
             ... with a bolt of light
             ... on level 3 of the Dungeon.
             The game lasted 00:08:37 (2216 turns).

Killerpretzel the Digger (GrEE)                     Turns: 2216, Time: 00:08:38

Health: 0/24       AC:  5    Str: 11    XL:     4   Next: 95%
Magic:  0/8        EV: 11    Int: 18    God:
Gold:   149        SH:  0    Dex: 10    Spells: 5/9 levels left

rFire   . . .        f - +0 short sword
rCold   . . .        (no shield)
rNeg    + . .        a - +0 robe
rPois   ∞            (no helmet)
rElec   +            (no cloak)
rCorr   .            (no gloves)
SInv    .            (no boots)
Will    .....        e - amulet of reflection
Stlth   +            (no ring)
HPRegen 0.24/turn    (no ring)
MPRegen 0.11/turn

%: reflection
@: confused
A: sickness immunity, AC +3, negative energy resistance 1, electricity
resistance, torment resistance 1, petrification resistance
a: no special abilities


You were on level 3 of the Dungeon.
You visited 1 branch of the dungeon, and saw 3 of its levels.

You collected 149 gold pieces.

Inventory:

Hand Weapons
 c - a +0 dagger
 f - a +0 short sword (weapon)
Armour
 a - a +0 robe (worn)
Magical Staves
 d - a staff of air
Jewellery
 e - an amulet of reflection (around neck)
Potions
 b - a potion of magic
 h - 2 potions of curing
 i - a potion of might {unknown}


   Skills:
 - Level 1.5 Dodging
 - Level 2.1 Stealth
 * Level 3.1 Spellcasting
 * Level 2.9 Conjurations
 * Level 4.7 Earth Magic


You had 5 spell levels left.
You knew the following spells:

 Your Spells              Type           Power      Damage    Failure   Level
a - Sandblast             Erth           40%        2d10      2%          1
b - Passwall              Erth           20%        N/A       7%          3

Your spell library contained the following spells:

 Spells                   Type           Power      Damage    Failure   Level
 Stone Arrow              Conj/Erth      32%        3d9       10%         3
 Momentum Strike          Conj/Tloc      16%        3d8       14%         2
 Blink                    Tloc           4%         N/A       24%         2
 Lesser Beckoning         Tloc           4%         N/A       24%         2
 Mercury Vapours          Alch/Air       4%         N/A       24%         2
 Mephitic Cloud           Conj/Alch/Air  6%         N/A       32%         3
 Brom's Barrelling Bould  Conj/Erth      16%        2d4       32%         4
 Petrify                  Alch/Erth      11%        N/A       52%         4
 Dispel Undead            Necr           2%         3d7       85%         4
 Martyr's Knell           Necr/Summ      2%         N/A       85%         4
 Freezing Cloud           Conj/Ice/Air   3%         6-21      96%         5
 Death Channel            Necr           1%         N/A       100%        6
 Cigotuvi's Dreadful Rot  Necr/Alch/Air  Unusable   N/A       N/A         2

Dungeon Overview and Level Annotations

Branches:
Dungeon (3/15)

Altars:

Annotations:
D:3 Ijyb


Innate Abilities, Weirdness & Mutations

You are immune to sickness and miasma.
Your stone body is resilient. (AC +3)
You are immune to poison.
You resist negative energy. (rN+)
You are resistant to electric shocks. (rElec)
You are resistant to unholy torment.
You are immune to petrification.


Message History

Aim: Ijyb, wielding a +0 club, wearing a +0 chain mail and carrying a wand of light (heavily wounded, 83% to hit)
The blast of sand hits Ijyb!
Ijyb is almost dead.
Ijyb screams, "Me stronger than you!" Ijyb closely misses you.
You block Ijyb's attack.
Ijyb is nearby!
Casting: Sandblast (safe; 2% risk of failure)
Confirm with . or Enter, or press ? or * to list all spells.
Aiming: Sandblast (safe; 2% risk of failure)
Press: ? - help, Shift-Dir - straight line, f/p - Ijyb
Aim: Ijyb, wielding a +0 club, wearing a +0 chain mail and carrying a wand of light (almost dead, 83% to hit)
The blast of sand misses Ijyb.
You block Ijyb's attack.
Ijyb is nearby!
Casting: Sandblast (safe; 2% risk of failure)
Confirm with . or Enter, or press ? or * to list all spells.
Aiming: Sandblast (safe; 2% risk of failure)
Press: ? - help, Shift-Dir - straight line, f/p - Ijyb
Aim: Ijyb, wielding a +0 club, wearing a +0 chain mail and carrying a wand of light (almost dead, 83% to hit)
The blast of sand hits Ijyb but does no damage.
Ijyb is almost dead.
Ijyb hits you with a +0 club. Ijyb barely misses you.
Ijyb is nearby!
Casting: Sandblast (safe; 2% risk of failure)
Confirm with . or Enter, or press ? or * to list all spells.
Aiming: Sandblast (safe; 2% risk of failure)
Press: ? - help, Shift-Dir - straight line, f/p - Ijyb
Aim: Ijyb, wielding a +0 club, wearing a +0 chain mail and carrying a wand of light (almost dead, 83% to hit)
The blast of sand hits Ijyb but does no damage.
Ijyb is almost dead.
Ijyb zaps a wand.
The bolt of light hits you.
Ijyb is nearby!
Casting: Sandblast (safe; 2% risk of failure)
Confirm with . or Enter, or press ? or * to list all spells.
You don't have enough magic to cast this spell.
You hit Ijyb but do no damage.
Ijyb is almost dead.
Ijyb zaps a wand.
The bolt of light hits you!
You are confused.
Ouch! That really hurt!
You die...

#. #. #. #. #.## ##
..###...# #.g†..#
#@# #####.### #..
#.....<.## ##.#
#.###.#.##.##.# #.#
#......##.#
#.###.###.........#
#.........#.####..#
####.#.###.# #..#
#.......# ##.<#


You could see Ijyb.

Vanquished Creatures
  A jelly (D:3)
  3 adders
  A ribbon worm (D:2)
  A dart slug (D:1)
  8 bats
  3 endoplasms (D:1)
  A giant cockroach (D:1)
  7 goblins
  4 hobgoblins
  4 jackals (D:1)
  4 kobolds
  2 quokkas
  2 ball pythons (D:2)
  2 frilled lizards
  6 rats
49 creatures vanquished.

Notes
Turn   | Place    | Note
-------+----------+-------------------------------------------
     0 | D:1      | Killerpretzel the Gargoyle Earth Elementalist began the
                  | quest for the Orb.
     0 | D:1      | Reached XP level 1. HP: 10/10 MP: 3/3
   438 | D:1      | Reached XP level 2. HP: 15/15 MP: 1/5
   475 | D:1      | Reached skill level 4 in Earth Magic
   832 | D:1      | Reached XP level 3. HP: 19/19 MP: 3/6
   836 | D:1      | Learned a level 3 spell: Passwall
  1941 | D:2      | Reached XP level 4. HP: 24/24 MP: 5/8
  2207 | D:3      | Noticed Ijyb
  2216 | D:3      | Killed from afar by Ijyb

Illustrated notes

Levels and vault maps discovered:
D:1:      shiori_shiawase, layout_basic
D:2:      layout_loops_ring, hex_tiny, minmay_heptomino_o4
D:3:      layout_loops_ring, cheibrodos_sewer_entry_bend, serial_shops, shop,
          nicolae_figureground_pulse, uniq_ijyb

Skill      XL: |  1  2  3  4 |
---------------+-------------+-----
Earth Magic    | 4 |  4.7
Conjurations   | 2 |  2.9
Spellcasting   | 3 |  3.1
Dodging        | |  1.5
Stealth        | |  2.1

Action                     |  1- 3 |  4- 6 || total
---------------------------+-------+-------++-------
  Melee: Dagger            |    31 |       ||    31
         Short sword       |     1 |     1 ||     2
   Cast: Sandblast         |    61 |    13 ||    74
    Use: Scroll            |       |     1 ||     1
         Potion            |       |     1 ||     1
 Armour: Robe              |    30 |     6 ||    36
  Dodge: Dodged            |    40 |     3 ||    43
  Block: Other             |     2 |     3 ||     5
